 Dungeon Crawl Stone Soup version 0.30-a0-165-g1891117ce2 (webtiles) character file.

Game seed: 11715433033524061097

443 MaxDestroyer007 the Covered (level 6, -1/55 HPs)
             Began as a Minotaur Fighter on Sept 27, 2022.
             Killed by nerve-wracking pain
             ... invoked by an orc priest
              (4 damage)
             ... on level 4 of the Dungeon on Sept 28, 2022.
             The game lasted 00:06:17 (3407 turns).

MaxDestroyer007 the Covered (Minotaur Fighter)      Turns: 3407, Time: 00:06:18

Health: -1/55      AC:  6    Str: 23    XL:     6   Next: 71%
Magic:  5/5        EV: 11    Int:  5    God:
Gold:   88         SH:  0    Dex:  9    Spells: 5/5 levels left

rFire   + . .      SeeInvis +    a - +0 long sword
rCold   + . .      Faith    .    c - +0 buckler
rNeg    . . .      Spirit   .    l - +2 robe {rC+ rF+}
rPois   .          Reflect  .    (helmet restricted)
rElec   .          Harm     .    (no cloak)
rCorr   .          Rampage  .    k - +1 pair of gloves
Will    .....                    (no boots)
Stlth   +.........               (no amulet)
HPRegen 0.18/turn                h - ring of see invisible
MPRegen 0.09/turn                (no ring)

@: confused
A: horns 2, retaliatory headbutt
a: no special abilities


You were on level 4 of the Dungeon.
You visited 1 branch of the dungeon, and saw 4 of its levels.

You collected 88 gold pieces.

Inventory:

Hand Weapons
 a - a +0 long sword (weapon)
Armour
 b - a +0 scale mail
 c - a +0 buckler (worn)
 k - a +1 pair of gloves (worn)
 l - a +2 robe of resistance (worn)
 m - a +0 plate armour
Jewellery
 h - a ring of see invisible (left hand)
Scrolls
 f - 3 scrolls of magic mapping {unknown}
 j - a scroll of brand weapon {unknown}
 n - a scroll of identify {unknown}
Potions
 d - a potion of might
 e - a potion of magic {unknown}
 g - a potion of lignification {unknown}
 i - a potion of haste {unknown}


   Skills:
 + Level 4.9 Fighting
 + Level 5.5 Long Blades
 + Level 5.5 Armour
 + Level 2.1 Dodging
 + Level 0.7 Stealth
 + Level 4.4 Shields


You had 5 spell levels left.
You didn't know any spells.
Your spell library contained the following spells:

 Spells                   Type           Power      Damage    Failure   Level
 Apportation              Tloc           0%         N/A       56%         1
 Necrotise                Necr           0%         1d4       56%         1
 Summon Small Mammal      Summ           0%         N/A       56%         1
 Sublimation of Blood     Necr           0%         N/A       71%         2
 Wereblood                Tmut           0%         N/A       71%         2
 Summon Hydra             Summ           0%         N/A       100%        7


Dungeon Overview and Level Annotations

Branches:
Dungeon (4/15)
 Temple: D:4-7

Altars:
Makhleb
Vehumet

Shops:
D:2 *


Innate Abilities, Weirdness & Mutations

You have a pair of horns on your head.
You reflexively headbutt those who attack you in melee.


Message History

The orc wizard is severely wounded.
The orc wizard hits you with a +0 dagger.
The orc priest closely misses you. You furiously retaliate!
You headbutt the orc priest! The orc wizard casts a spell at you.
The magic dart hits you. The orc closely misses you. You furiously retaliate!
You headbutt the orc. You hit the orc wizard.
The orc wizard is almost dead.
The orc wizard closely misses you. The orc priest barely misses you.
The orc wizard gestures at you while chanting.
You are confused.
The orc barely misses you.
You miss the orc wizard.
The orc wizard is almost dead.
The orc wizard mumbles some strange words.
The orc wizard flickers and vanishes for a moment.
The orc priest misses you.
The orc wizard hits you with a +0 dagger.
The orc hits you with a +0 flail.
* * * LOW HITPOINT WARNING * * *
You hit the orc wizard.
You kill the orc wizard!
The orc wizard hits you but does no damage.
The orc priest hits you but does no damage.
The orc closely misses you.
The orc priest invokes the aid of Beogh against you.
Beogh smites you!
* * * LOW HITPOINT WARNING * * *
The orc wizard closely misses you.
Things that are here:
a +0 dagger; a +0 robe; an orc corpse You're too confused to move!
The orc wizard hits you but does no damage.
The orc priest invokes the aid of Beogh against you.
You barely resist. The orc barely misses you. The orc attacks as you move away!
The orc completely misses you.
The orc priest invokes the aid of Beogh against you.
Pain shoots through your body!
You die...

##########...
#............
#..........#
#..........#
###..........#
.............#
#......o...#
#.$..@)o...#
#####.o.####
###.### #...#
###.# #.#
#######.########
................
#######..######


You could see an orc priest, an orc wizard (invisible) and an orc.

Vanquished Creatures
  Sigmund (D:2)
  A necrophage (D:3)
  A scorpion (D:2)
  2 hounds
  2 orc wizards
  An adder (D:3)
  A dart slug (D:2)
  2 orcs (D:3)
  6 ball pythons
  6 endoplasms
  3 giant cockroaches
  6 goblins
  6 hobgoblins
  3 jackals (D:3)
  3 quokkas
  3 bats
  3 frilled lizards (D:2)
  6 kobolds
  2 rats
58 creatures vanquished.

Notes
Turn   | Place    | Note
-------+----------+-------------------------------------------
     0 | D:1      | MaxDestroyer007 the Minotaur Fighter began the quest for
                  | the Orb.
     0 | D:1      | Reached XP level 1. HP: 19/19 MP: 0/0
   305 | D:1      | Reached XP level 2. HP: 26/27 MP: 1/1
   933 | D:2      | Found Taphicoi's Assorted Antiques.
  1003 | D:2      | Reached XP level 3. HP: 33/33 MP: 2/2
  1089 | D:2      | Upgraded the game from 0.30-a0-159-g068b764562 to
                  | 0.30-a0-165-g1891117ce2
  1387 | D:2      | Noticed a scorpion
  1398 | D:2      | Killed a scorpion
  1399 | D:2      | Reached XP level 4. HP: 18/40 MP: 3/3
  1774 | D:2      | Noticed Sigmund
  1781 | D:2      | Killed Sigmund
  1782 | D:2      | Reached skill level 5 in Armour
  1782 | D:2      | Reached skill level 1 in Dodging
  1782 | D:2      | Reached XP level 5. HP: 31/47 MP: 4/4
  2087 | D:3      | Reached skill level 5 in Long Blades
  2087 | D:3      | Reached XP level 6. HP: 38/53 MP: 5/5
  2844 | D:3      | Found a radiant altar of Vehumet.
  2978 | D:3      | Found a burning altar of Makhleb.
  2978 | D:3      | Noticed a balrug
  3407 | D:4      | Killed from afar by an orc priest

Illustrated notes

Levels and vault maps discovered:
D:1:      tarquinn_simple_flora_water_a, layout_loops_ring,
          shapermc_ecumenical_altar_ellora
D:2:      minmay_angry_zag, layout_loops_ring, serial_shops,
          nicolae_shop_crystal, uniq_jessica, uniq_sigmund
D:3:      layout_loops_ring, makhleb_altar_promises_db,
          mainiacjoe_overflow_alcove_2, grunt_ministairs_15
D:4:      layout_basic, nicolae_overflow_hidden_temple

Skill      XL: |  1  2  3  4  5  6 |
---------------+-------------------+-----
Long Blades    | 3 4 5 |  5.5
Shields        | 4 |  4.4
Armour         | 4 5 |  5.5
Fighting       | 4 |  4.9
Dodging        | 1 2 |  2.1
Stealth        | |  0.7

Action                   |  1- 3 |  4- 6 || total
-------------------------+-------+-------++-------
Melee: Long sword        |    70 |    69 ||   139
       Headbutt          |     5 |     7 ||    12
Armor: Scale mail        |    42 |    33 ||    75
       Robe              |       |     9 ||     9
Dodge: Dodged            |    42 |    61 ||   103
Block: Buckler           |    13 |    22 ||    35

Table legend: (Time is in decaauts)
 A = Elapsed time spent in this place.
 B = Non-inter-level travel time spent in this place.
 C = Inter-level travel time spent in this place.
 D = Time resting spent in this place.
 E = Time spent auto-exploring this place.
 F = Levels seen in this place.
 G = Mean time per level.
                   A        B        C        D        E       F      G
               +--------+--------+--------+--------+--------+-----+--------+
         Total |   3438 |   3405 |     33 |   1012 |   1351 |   4 |  859.5 |
       Dungeon |   3438 |   3405 |     33 |   1012 |   1351 |   4 |  859.5 |
               +--------+--------+--------+--------+--------+-----+--------+

Top non-repeatable levels by time:
     D:3: 1318 daAuts
     D:2: 1180 daAuts
     D:1: 751 daAuts
     D:4: 187 daAuts
